 Dungeon Crawl Stone Soup version 0.26-a0-683-g5206c1d7ac (webtiles) character file.

Game seed: 6708850446396110270

118 marklar909 the Digger (level 5, -4/35 HPs)
             Began as a Formicid Earth Elementalist on Oct 23, 2020.
             Slain by coolio's ghost (7 damage)
             ... on level 3 of the Dungeon.
             The game lasted 00:05:03 (3574 turns).

marklar909 the Digger (Formicid Earth Elementalist) Turns: 3574, Time: 00:05:05

Health: -4/35      AC:  2    Str: 12    XL:     5   Next: 23%
Magic:  1/10       EV: 12    Int: 16    God:
Gold:   182        SH:  0    Dex: 11    Spells: 7/11 levels left

rFire    . . .     SeeInvis +   (no weapon)
rCold    . . .     Faith    .   (no shield)
rNeg     . . .     Spirit   .   c - +0 robe
rPois    .         Reflect  .   (helmet unavailable)
rElec    .         Harm     .   (no cloak)
rCorr    .         Rampage  .   (no gloves)
MR       .....                  (no boots)
Stlth    ++........             (no amulet)
HPRegen  0.11/turn              (no ring)
MPRegen  0.12/turn              (no ring)

@: brilliant, flying
A: permanent stasis, dig shafts and tunnels, four strong arms, antennae 3
a: Dig, Shaft Self


You were on level 3 of the Dungeon.
You visited 1 branch of the dungeon, and saw 3 of its levels.

You collected 182 gold pieces.

Inventory:

Missiles
 g - a stone (quivered)
Armour
 c - a +0 robe (worn)
Jewellery
 j - an uncursed ring of resist corrosion
 l - a cursed ring of attention
Scrolls
 a - 4 scrolls of teleportation
 f - 3 scrolls of identify
 k - a scroll of amnesia
 m - a scroll of blinking {unknown}


   Skills:
 + Level 0.1 Fighting
 + Level 1.9 Dodging
 + Level 3.1 Stealth
 + Level 3.7 Spellcasting
 * Level 0.5 Conjurations
   Level 1.1 Transmutations
 * Level 4.9 Earth Magic


You had 7 spell levels left.
You knew the following spells:

 Your Spells              Type           Power        Failure   Level
a - Sandblast             Erth           ####..       2%          1
b - Stone Arrow           Conj/Erth      ###...       17%         3

Your spell library contained the following spells:

 Spells                   Type           Power        Failure   Level
 Passwall                 Tmut/Erth      ###.....     8%          2
 Petrify                  Tmut/Erth      ###.....     45%         4
 Lee's Rapid Deconstruct  Erth           ####......   54%         5


Dungeon Overview and Level Annotations

Branches:
Dungeon (3/15)

Altars:
Makhleb
Okawaru

Annotations:
D:3 coolio's ghost, amateur DsFi


Innate Abilities, Weirdness & Mutations

You cannot be hasted, slowed, berserked, paralysed or teleported.
You can dig through walls and to a lower floor.
Your four strong arms can wield two-handed weapons with a shield.
You have a pair of large antennae on your head. (SInv)


Message History

Coolio's ghost is moderately damaged.
Coolio's ghost closely misses you.
You closely miss coolio's ghost.
Coolio's ghost is moderately damaged.
Coolio's ghost hits you.
* * * LOW HITPOINT WARNING * * *
You closely miss coolio's ghost.
Coolio's ghost is moderately damaged.
Coolio's ghost misses you.
You hit coolio's ghost but do no damage.
Coolio's ghost is moderately damaged.
Coolio's ghost hits you.
* * * LOW HITPOINT WARNING * * *
You hit coolio's ghost but do no damage.
Coolio's ghost is moderately damaged.
Coolio's ghost barely misses you.
You hit coolio's ghost but do no damage.
Coolio's ghost is moderately damaged.
Coolio's ghost hits you!
You die...

#.#.#..#.......<......W......
#.#.#..........#########$##.#
#.#.#.......................#
#.#.#..#....#.##########.####
#.#.#.....>.......... ..#
#.#.##.#.#.[......... ###
#.#......#..#########
#.####.########
+......'≈≈≈W@≈#
#.###..######## #)# #....#
... #.##.# ##.# #.##.# ..#
#.##.# .## #.##.# . #.##.#
#.#


You could see coolio's ghost.

Vanquished Creatures
  4 adders
  A shadow imp (D:2)
  An ooze (D:1)
  3 worms
  5 dart slugs
  A leopard gecko (D:3)
  An orc (D:2)
  A giant cockroach (D:2)
  6 hobgoblins
  A quokka (D:2)
  A ball python (D:2)
  6 bats
  3 frilled lizards
  9 goblins
  5 kobolds
  4 rats (D:2)
52 creatures vanquished.

Notes
Turn   | Place    | Note
-------+----------+-------------------------------------------
     0 | D:1      | marklar909 the Formicid Earth Elementalist began the quest
                  | for the Orb.
     0 | D:1      | Reached XP level 1. HP: 13/13 MP: 3/3
   226 | D:1      | Reached skill level 4 in Earth Magic
   226 | D:1      | Reached XP level 2. HP: 19/19 MP: 0/5
   574 | D:1      | Reached XP level 3. HP: 24/24 MP: 4/6
  1146 | D:1      | Learned a level 3 spell: Stone Arrow
  1587 | D:2      | Reached XP level 4. HP: 30/30 MP: 1/8
  2538 | D:2      | Found an iron altar of Okawaru.
  2961 | D:2      | Found a burning altar of Makhleb.
  3357 | D:3      | Reached XP level 5. HP: 35/35 MP: 7/10
  3439 | D:3      | Found a runed translucent door.
  3450 | D:3      | Noticed coolio's ghost (amateur DsFi)
  3574 | D:3      | Slain by coolio's ghost

Illustrated notes

Levels and vault maps discovered:
D:1:      lightli_arrival_flooded_house, layout_loops_corners
D:2:      layout_basic, makhleb_grotto_becter, okawaru_altar_gauntlet_db
D:3:      layout_basic, lemuel_crystal_altar, ebering_ghost_sewer_d,
          grunt_decor_resistance, chequers_serial_rivers_micro_d, uniq_grinder,
          uniq_robin

Skill      XL: |  1  2  3  4 |
---------------+-------------+-----
Earth Magic    | 4 |  4.9
Stealth        | 3 |  3.1
Spellcasting   | 3 |  3.7
Fighting       | |  0.1
Dodging        | |  1.9
Conjurations   | |  0.5
Transmutations | |  1.1

Action                   |  1- 3 |  4- 6 || total
-------------------------+-------+-------++-------
Melee: Unarmed           |    17 |    10 ||    27
 Cast: Sandblast         |    33 |    45 ||    78
       Stone Arrow       |     5 |    12 ||    17
  Use: Potion            |       |     7 ||     7
       Scroll            |       |     3 ||     3
Armor: Robe              |     1 |    16 ||    17
Dodge: Dodged            |    13 |    54 ||    67

Table legend: (Time is in decaauts)
 A = Elapsed time spent in this place.
 B = Non-inter-level travel time spent in this place.
 C = Inter-level travel time spent in this place.
 D = Time resting spent in this place.
 E = Time spent auto-exploring this place.
 F = Levels seen in this place.
 G = Mean time per level.
                   A        B        C        D        E       F      G
               +--------+--------+--------+--------+--------+-----+--------+
         Total |   3582 |   3447 |    135 |    465 |   2434 |   3 | 1194.0 |
       Dungeon |   3582 |   3447 |    135 |    465 |   2434 |   3 | 1194.0 |
               +--------+--------+--------+--------+--------+-----+--------+

Top non-repeatable levels by time:
     D:2: 1747 daAuts
     D:1: 1318 daAuts
     D:3: 517 daAuts
